 Dungeon Crawl Stone Soup version 0.22-a0-430-g6609fc6 (webtiles) character file.

213 MisterFreud the Insei (level 5, -2/33 HPs)
             Began as an Octopode Transmuter on May 26, 2018.
             Slain by an orc wizard
             ... wielding a +0 dagger
              (5 damage)
             ... on level 3 of the Dungeon.
             The game lasted 00:03:45 (2087 turns).

MisterFreud the Insei (Octopode Transmuter)         Turns: 2087, Time: 00:03:46

Health: -2/33      AC:  1    Str:  9    XL:     5   Next: 90%
Magic:  17/17      EV: 12    Int: 16    God:
Gold:   116        SH:  0    Dex: 13    Spells: 5/8 levels left

rFire    . . .     SeeInvis +     - Unarmed
rCold    . . .     Gourm    .   (no shield)
rNeg     . . .     Faith    .   (helmet restricted)
rPois    .         Spirit   .   (no amulet)
rElec    .         Reflect  .   e - ring of magical power
rCorr    .         Harm     .   k - ring of see invisible
MR       .....                  (no ring)
Stlth    ++........             (no ring)
HPRegen  0.11/turn              (no ring)
MPRegen  0.15/turn              (no ring)
                                (no ring)
                                (no ring)

@: very slightly contaminated, heavily drained, invisible
A: almost no armour, stealthy swim, amphibious, 8 rings, constrict 8, camouflage
1, gelatinous body 1
a: no special abilities


You were on level 3 of the Dungeon.
You were hungry.

You visited 1 branch of the dungeon, and saw 3 of its levels.

You collected 116 gold pieces.

Inventory:

Missiles
 a - 59 arrows
 m - 100 stones (quivered)
 o - 6 tomahawks
Jewellery
 e - a ring of magical power (left tentacle)
 k - a ring of see invisible (right tentacle)
Scrolls
 b - a scroll of remove curse
Potions
 d - 2 potions of magic
 j - 2 potions of mutation
Comestibles
 c - 5 rations


   Skills:
 - Level 1.0(0.0) Fighting
 - Level 2.0(0.8) Dodging
 - Level 6.4(5.1) Unarmed Combat
 + Level 2.0(0.8) Spellcasting
 + Level 2.0(0.8) Transmutations


You had 5 spell levels left.
You knew the following spells:

 Your Spells              Type           Power        Failure   Level  Hunger
a - Beastly Appendage     Tmut           #.....       16%         1    ##.....
b - Sticks to Snakes      Tmut           #.......     24%         2    ###....

Your spell library contained the following spells:

 Spells                   Type           Power        Failure   Level  Hunger
 Spider Form              Tmut/Pois      #.........   52%         3    ####...
 Blade Hands              Tmut           #.........   99%         5    ######.
 Ice Form                 Ice/Tmut       #.......     89%         4    #####..


Dungeon Overview and Level Annotations

Branches:
Dungeon (3/15)

Altars:


Innate Abilities, Weirdness & Mutations

You cannot wear most types of armour.
You are very stealthy in the water. (Stealth+)
You are amphibious.
You can wear up to eight rings at the same time.
You can use your tentacles to constrict eight enemies at once.
Your skin changes colour to match your surroundings (Stealth+).
Your rubbery body absorbs attacks. (AC +1, EV +1)


Message History

The bullfrog hits you.
You tentacle-slap the bullfrog.
The bullfrog is severely wounded.
You constrict the bullfrog. The bullfrog barely misses you.
The orc wizard hits you with a dagger.
You tentacle-slap the bullfrog but do no damage.
The bullfrog is almost dead.
You constrict the bullfrog. The bullfrog hits you!
The orc wizard casts a spell at you. The magic dart hits you!
* * * LOW HITPOINT WARNING * * *
The bullfrog hits you but does no damage.
You fade into invisibility!
You constrict the bullfrog.
You kill the bullfrog!
Base training target 6.0 for Unarmed Combat reached!
Your base Unarmed Combat skill increases to level 6!
You need to enable at least one skill for training.
The orc wizard hits you with a dagger.
You die...

#.# #.#
#.# #.#
######"#
#......#
#......#
#.....o#
######@#
#o# #.o
#...
#....
#.....
#......
#.......


You could see an orc wizard and 2 orcs.

Vanquished Creatures
  A bullfrog (D:3)
  A howler monkey (D:2)
  Jessica (D:2)
  2 adders (D:2)
  4 worms (D:2)
  3 dart slugs
  A leopard gecko (D:1)
  2 orcs (D:3)
  7 bats
  2 giant cockroaches (D:1)
  5 goblins
  4 hobgoblins
  A jackal (D:2)
  7 kobolds
  4 frilled lizards
  6 rats
51 creatures vanquished.

Notes
Turn   | Place    | Note
-------+----------+-------------------------------------------
     0 | D:1      | MisterFreud the Octopode Transmuter began the quest for the Orb.
     0 | D:1      | Reached XP level 1. HP: 13/13 MP: 3/3
    60 | D:1      | Reached XP level 2. HP: 8/18 MP: 5/5
   269 | D:1      | Learned a level 2 spell: Sticks to Snakes
   611 | D:1      | Reached skill level 4 in Unarmed Combat
   813 | D:1      | Reached XP level 3. HP: 23/23 MP: 6/6
  1059 | D:2      | Noticed Jessica
  1069 | D:2      | Killed Jessica
  1069 | D:2      | Reached XP level 4. HP: 18/28 MP: 7/7
  1139 | D:2      | Reached skill level 5 in Unarmed Combat
  1461 | D:2      | Reached XP level 5. HP: 17/33 MP: 8/8
  2087 | D:3      | Reached skill level 6 in Unarmed Combat
  2087 | D:3      | Slain by an orc wizard

Vault maps used:
D:1:      minmay_arrival_radiant_lines, serial_glass, glass_columns_a,
          glass_columns_a, glass_columns_a, glass_columns_b, glass_columns_b,
          minmay_misc_feat_more_columns, minmay_pentomino_u4
D:2:      minmay_cupped, uniq_jessica
D:3:      portal_sewer_entry_c, grunt_ministairs_15

Skill      XL: |  1  2  3  4  5 |
---------------+----------------+-----
Unarmed Combat | 4 5 6 |  6.4
Fighting       | |  1.0
Dodging        | |  2.0
Spellcasting   | |  2.0
Transmutations | |  2.0

Action                   |  1- 3 |  4- 6 || total
-------------------------+-------+-------++-------
Melee: Unarmed           |    67 |    50 ||   117
       Constrict         |    16 |    15 ||    31
       Tentacles         |    11 |     7 ||    18
       Punch             |       |     1 ||     1
  Use: Scroll            |       |     8 ||     8
       Potion            |       |     1 ||     1
 Stab: Sleeping          |     2 |     2 ||     4
       Distracted        |       |     1 ||     1
  Eat: Chunk             |       |     3 ||     3
Armor: Skin              |     8 |     3 ||    11
Dodge: Dodged            |    49 |    21 ||    70

Table legend:
 A = Spawn XP
 B = Non-spawn XP
 C = Spawn XP percentage of total XP
 D = Spawn monster count
 E = Non-spawn monster count
 F = Spawn count percentage of total count
 G = Total turns spent on level
                    A         B        C        D         E        F      G
               +---------+---------+-------+---------+---------+-------+---------
         Total |       0 |     305 |   0.0 |       0 |      51 |   0.0 |  2087
               +---------+---------+-------+---------+---------+-------+---------
           D:1 |       0 |      43 |   0.0 |       0 |      22 |   0.0 |  1016
           D:2 |       0 |     167 |   0.0 |       0 |      25 |   0.0 |  1032
           D:3 |       0 |      95 |   0.0 |       0 |       4 |   0.0 |    39
               +---------+---------+-------+---------+---------+-------+---------
